Map: Deathaura LE

Players

Creature - Winner!

  • Race: Protoss Protoss
  • Spawn Location: 5:00

Robbie (Rob)

  • Race: Protoss Protoss
  • League: Grandmaster
  • Spawn Location: 11:00

Event: The Miserable Cup

VOD

Have the link to the VOD?

Description

Time

  • Played on: June 21, 2020, 4:31 p.m.
  • Length: 5:19

All games in this series

Show
View Real Time Build Order
Export as new Build Order

Creature Protoss - Winner!

Build Orders: Cannon Rush 

Get SALT Encoding   

  1  0:00  Probe  
  12  0:05  Probe  
  14  0:17  Probe  
  15  0:21  Pylon  
  15  0:40  Forge, Probe  
  16  1:01  Pylon  
  16  1:02  Pylon  
  16  1:08  Pylon  
  16  1:19  Photon Cannon  
  16  1:20  Gateway  
  16  1:21  Pylon  
  16  1:29  Gateway  
  16  1:38  Probe  
  17  1:44  Photon Cannon  
  17  1:52  Photon Cannon  
  16  1:56  Probe  
  17  2:07  Photon Cannon  
  17  2:19  Probe  
  17  2:21  Cybernetics Core  
  18  2:23  Assimilator  
  18  2:32  Photon Cannon  
  18  2:34  Pylon  
  18  2:46  Photon Cannon  
  18  2:47  Probe  
  19  2:59  Photon Cannon  
  19  3:04  Probe  
  20  3:19  Nexus  
  20  3:31  Robotics Facility  
  20  3:38  Shield Battery  
  20  3:40  Shield Battery  
  20  3:54  Pylon  
  20  4:08  Immortal  
  20  4:14  Gateway  
  24  4:26  Gateway  
  24  4:44  Assimilator  
  24  4:56  Assimilator  
  24  5:02  Probe  
  25  5:11  Pylon  
Show
View Real Time Build Order
Export as new Build Order

Robbie Protoss 

Build Orders: Cannon Rush 

Get SALT Encoding   

  12  0:00  Probe  
  13  0:12  Probe  
  15  0:37  Probe  
  15  0:41  Pylon  
  15  1:00  Gateway x2  
  15  1:01  Forge  
  15  1:12  Pylon  
  15  1:34  Photon Cannon x2  
  15  1:36  Photon Cannon  
  13  1:56  Photon Cannon  
  13  2:06  Photon Cannon  
  13  2:10  Pylon  
  13  2:28  Photon Cannon  
  13  2:33  Photon Cannon  
  13  2:38  Photon Cannon  
  13  2:50  Photon Cannon  
  13  3:05  Photon Cannon  
  13  3:09  Probe  
  13  3:18  Probe  
  15  3:28  Cybernetics Core  
  15  3:37  Assimilator  
  15  3:41  Zealot  
  15  3:45  Probe  
  18  3:57  Probe  
  19  4:07  Shield Battery  
  19  4:09  Probe  
  20  4:21  Photon Cannon  
  20  4:23  Stalker  
  22  4:40  Shield Battery  
  22  4:45  Probe  
  22  5:06  Probe, Shield Battery  
Tags
 
Add a new tag
Caveats
  • Supply blocks, unpowered buildings, or Contaminate may cause inaccurate times.
  • Supply counts are checked every 10 seconds.